AoeStats
← 陟遐自迩

Arena

509546907Analyzed
4v4 RM · 5d ago on Sep 27, 2026· 89m 34s· 8 players
Game mode
Random Map
Map size
Large (8 player)
Population
200
Speed
Normal
Resources
Standard
Victory
Conquest
Starting age
Dark Age
Ending age
Imperial Age
RankedLock teamsTeams togetherTeam positionsShared explorationLock speedFull tech treeHidden civsTurbo modeCheats
Victory
Defeat
🇺🇸 Ethiopians · United States
1096
+15
🇲🇽 Khmer · Mexico
1087
+15
🇨🇳 Franks · China
1048
+17
🇩🇪 Danes · Germany
988
+18
🇵🇪 Teutons · Peru
1079
-17
🇩🇪 Shu · Germany
1065
-16
🇲🇽 Bohemians · Mexico
1063
-16
🇦🇷 Goths · Argentina
1046
-16
PointyRose6449
10:51 Feudal Age
15:30 Castle Age
13:29 Double-Bit Axe
14:04 Horse Collar
18:14 Wheelbarrow
20:29 Heavy Plow
22:13 Bow Saw
25:56 Hand Cart
25:27 Town Watch
25:27 Loom
26:22 Town Patrol
31:02 Imperial Age
29:18 Forging
29:08 Scale Mail Armor
29:11 Padded Archer Armor
29:02 Fletching
30:15 Chemistry
31:00 Wagenburg Tactics
30:43 Arson
30:58 Squires
30:18 Pikeman
32:10 Iron Casting
31:50 Chain Mail Armor
31:51 Leather Archer Armor
33:04 Two-Man Saw
32:16 Bodkin Arrow
32:34 Masonry
32:30 Siege Engineers
31:51 Elite Hussite Wagon
32:00 Halberdier
33:13 Man-at-Arms
35:35 Long Swordsman
37:51 Blast Furnace
37:22 Plate Mail Armor
36:26 Two-Handed Swordsman
37:10 Champion
40:03 Ring Archer Armor
39:33 Bracer
49:00 Houfnice
51:23 Architecture
51:05 Fortified Wall
51:15 Ballistics
66:53 Murder Holes
67:08 Scale Barding Armor
CalamarX
0:29 Loom
11:14 Feudal Age
13:11 Double-Bit Axe
13:08 Horse Collar
17:59 Castle Age
16:51 Stone Mining
16:55 Gold Mining
16:30 Man-at-Arms
17:27 Scale Mail Armor
18:29 Long Swordsman
23:40 Forging
25:36 Chain Mail Armor
26:55 Heavy Plow
28:40 Wheelbarrow
28:54 Iron Casting
29:21 Anarchy
30:05 Bow Saw
37:43 Imperial Age
38:24 Perfusion
37:45 Elite Huskarl
40:43 Blast Furnace
43:44 Pikeman
haspirits
12:34 Feudal Age
14:00 Wheelbarrow
13:46 Horse Collar
16:40 Castle Age
14:34 Double-Bit Axe
16:09 Loom
17:59 Bow Saw
18:08 Heavy Plow
21:41 Hand Cart
21:29 Town Watch
27:15 Town Patrol
28:12 Gold Mining
27:58 Pikeman
32:18 Imperial Age
30:23 Ballistics
29:58 Fletching
29:54 Crossbowman
30:58 Thumb Ring
30:53 Bodkin Arrow
31:01 Padded Archer Armor
33:08 Bolt Magazine
33:25 Bracer
33:42 Leather Archer Armor
33:50 Conscription
33:09 Arbalester
34:37 Siege Engineers
36:18 Chemistry
36:55 Onager
40:18 Halberdier
42:00 Squires
46:29 Forging
53:16 Scale Mail Armor
53:22 Scale Barding Armor
56:01 Ring Archer Armor
55:47 Chain Mail Armor
55:50 Elite Skirmisher
59:44 Plate Mail Armor
60:43 Two-Man Saw
60:05 Capped Ram
60:49 Gambesons
63:20 Siege Ram
75:39 Husbandry
75:49 Light Cavalry
Estoy como loquita
10:55 Feudal Age
15:06 Castle Age
13:12 Double-Bit Axe
16:01 Gold Mining
16:22 Bow Saw
15:44 Pikeman
19:38 Horse Collar
19:59 Man-at-Arms
20:50 Long Swordsman
22:30 Gambesons
23:19 Scale Mail Armor
24:07 Squires
24:20 Forging
25:56 Iron Casting
25:37 Chain Mail Armor
28:22 Loom
28:54 Chain Mail Armor
33:48 Imperial Age
35:40 Wheelbarrow
34:37 Two-Handed Swordsman
34:37 Halberdier
35:03 Arson
36:21 Blast Furnace
35:51 Plate Mail Armor
36:21 Blast Furnace
35:34 Champion
36:50 Hand Cart
36:56 Stone Mining
37:18 Capped Ram
38:20 Halberdier
40:00 Stone Shaft Mining
42:55 Coinage
42:36 Guilds
45:20 Fletching
45:30 Padded Archer Armor
45:21 Fletching
44:56 Crossbowman
44:58 Elite Skirmisher
45:13 Halberdier
46:47 Conscription
47:56 Two-Man Saw
49:09 Bodkin Arrow
49:29 Leather Archer Armor
49:10 Bodkin Arrow
49:30 Leather Archer Armor
50:08 Banking
55:22 Onager
56:19 Siege Engineers
57:43 Siege Onager
61:03 Fortified Wall
67:54 Scale Barding Armor
68:36 Bloodlines
67:47 Cavalier
68:43 Heavy Plow
72:06 Chain Barding Armor
78:20 Paladin
84:12 Plate Barding Armor
andrewcarnegiehill_2006
11:50 Feudal Age
14:33 Castle Age
12:23 Horse Collar
12:34 Double-Bit Axe
22:45 Loom
25:56 Heavy Plow
31:55 Imperial Age
29:49 Bow Saw
29:55 Gold Mining
29:55 Stone Mining
31:31 Wheelbarrow
30:41 Town Watch
31:23 Town Patrol
32:31 Stone Shaft Mining
32:32 Gold Shaft Mining
33:11 Conscription
32:51 Double Crossbow
33:16 Scale Barding Armor
33:21 Forging
33:02 Fletching
34:22 Crop Rotation
34:02 Husbandry
34:12 Bloodlines
33:22 Light Cavalry
35:58 Chain Barding Armor
36:13 Iron Casting
35:34 Bodkin Arrow
36:23 Hand Cart
35:42 Hussar
38:44 Plate Barding Armor
38:13 Caravan
41:21 Ballistics
42:02 Chemistry
41:11 Elite Ballista Elephant
51:13 Blast Furnace
50:13 Bracer
50:50 Coinage
52:22 Siege Engineers
52:28 Masonry
56:02 Architecture
55:43 Fortified Wall
Koopa_Troopa99
10:53 Feudal Age
15:31 Castle Age
13:27 Double-Bit Axe
14:04 Horse Collar
14:17 Gold Mining
15:28 Fletching
15:43 Stone Mining
16:51 Bodkin Arrow
19:23 Loom
20:23 Padded Archer Armor
22:16 Wheelbarrow
23:15 Bow Saw
24:12 Gold Shaft Mining
23:26 Town Watch
25:43 Hand Cart
26:27 Crossbowman
28:49 Forging
29:34 Thumb Ring
30:10 Iron Casting
36:48 Imperial Age
34:48 Scale Mail Armor
35:03 Heavy Plow
35:39 Elite Skirmisher
36:36 Town Patrol
37:27 Leather Archer Armor
36:44 Elite Skirmisher
36:57 Onager
39:01 Two-Man Saw
37:24 Arbalester
39:17 Conscription
39:37 Masonry
39:48 Ballistics
40:29 Chemistry
39:54 Bracer
41:19 Guilds
40:45 Siege Onager
42:20 Architecture
42:36 Ring Archer Armor
43:06 Stone Shaft Mining
44:38 Blast Furnace
43:58 Chain Mail Armor
46:22 Torsion Engines
47:14 Elite Shotel Warrior
50:03 Plate Mail Armor
49:39 Scale Barding Armor
50:02 Siege Engineers
50:11 Royal Heirs
50:19 Husbandry
49:44 Light Cavalry
50:07 Cavalier
51:53 Chain Barding Armor
55:28 Murder Holes
56:13 Hussar
62:09 Caravan
63:11 Sappers
75:44 Coinage
78:34 Banking
84:00 Squires
83:52 Halberdier
陟遐自迩
0:47 Loom
11:20 Feudal Age
13:12 Horse Collar
18:13 Castle Age
16:22 Double-Bit Axe
16:29 Stone Mining
17:14 Gold Mining
18:23 Wheelbarrow
19:20 Bow Saw
20:43 Heavy Plow
22:26 Gold Mining
24:13 Stone Shaft Mining
25:32 Gold Shaft Mining
29:54 Imperial Age
28:08 Hand Cart
27:39 Town Watch
28:32 Forging
28:23 Scale Mail Armor
31:15 Iron Casting
30:55 Chain Mail Armor
30:45 Squires
30:30 Arson
30:31 Gambesons
30:13 Hamask
31:20 Conscription
31:05 Elite Jomsviking
33:09 Blast Furnace
33:56 Plate Mail Armor
35:14 Fletching
35:52 Man-at-Arms
38:39 Bodkin Arrow
38:45 Padded Archer Armor
39:56 Heavy Mounted Crossbowman
40:41 Bracer
40:57 Leather Archer Armor
41:05 Ballistics
41:02 Thumb Ring
42:46 Chemistry
41:44 Cranequins
49:14 Onager
50:31 Ring Archer Armor
50:45 Siege Onager
Ehco
9:40 Feudal Age
13:35 Castle Age
12:06 Double-Bit Axe
18:25 Loom
24:40 Wheelbarrow
30:37 Imperial Age
28:58 Hand Cart
29:17 Fortified Wall
29:35 Murder Holes
30:44 Masonry
32:18 Hand Cart
33:36 Conscription
33:59 Husbandry
33:20 Cavalier
50:38 Ordonnance Companies
52:49 Conscription
55:18 Paladin
56:05 Scale Barding Armor
56:11 Forging
55:51 Fletching
58:37 Elite Throwing Axeman
59:52 Hoardings
61:07 Hoardings
62:05 Light Cavalry
63:30 Iron Casting
63:15 Chain Barding Armor
64:46 Chivalry
72:25 Hoardings
71:16 Pikeman
71:56 Squires
76:53 Man-at-Arms
76:53 Halberdier
78:48 Scale Mail Armor
80:41 Chain Mail Armor
81:37 Caravan
88:09 Plate Mail Armor
89:08 Bow Saw
Connection lost

Rejoining the realm…

Still unreachable

The connection could not be restored.

Session expired

The server has moved on; the page needs a fresh start.